 Dungeon Crawl Stone Soup version 0.25-a0-930-g9f5dfa9815 (webtiles) character file.

Game seed: 505286971896434162, levelgen mode: classic

240 Amnesiac the Magician (level 5, -3/28 HPs)
             Began as a Deep Elf Wizard on May 4, 2020.
             Killed from afar by an orc wizard (11 damage)
             ... with a puff of frost
             ... on level 4 of the Dungeon.
             The game lasted 00:09:38 (3216 turns).

Amnesiac the Magician (Deep Elf Wizard)             Turns: 3216, Time: 00:09:39

Health: -3/28      AC:  2    Str:  4    XL:     5   Next: 80%
Magic:  7/17       EV: 13    Int: 24    God:
Gold:   94         SH:  0    Dex: 13    Spells: 7/19 levels left

rFire    . . .     SeeInvis +   t - +0 long sword
rCold    . . .     Gourm    .   (no shield)
rNeg     . . .     Faith    .   a - +0 robe
rPois    .         Spirit   .   (no helmet)
rElec    .         Reflect  .   (no cloak)
rCorr    .         Harm     .   (no gloves)
MR       .....                  (no boots)
Stlth    ++........             w - amulet of inaccuracy (curse)
HPRegen  0.09/turn              m - ring of see invisible
MPRegen  0.15/turn              (no ring)

@: very slightly contaminated
A: no striking features
a: no special abilities


You were on level 4 of the Dungeon.
You were not hungry.

You visited 1 branch of the dungeon, and saw 4 of its levels.

You collected 94 gold pieces.

Inventory:

Hand Weapons
 f - a +0 spear
 t - a +0 long sword (weapon)
Missiles
 i - 12 sling bullets
 j - 70 stones (quivered)
Armour
 a - a +0 robe (worn)
Jewellery
 m - a ring of see invisible (left hand)
 w - a cursed amulet of inaccuracy (around neck)
Scrolls
 b - a scroll of enchant weapon {!r, unknown}
 c - 7 scrolls of identify {!r, unknown}
 h - a scroll of fear {!r, unknown}
 l - a scroll of immolation {!r, unknown}
 n - 3 scrolls of remove curse {!r, unknown}
 o - 3 scrolls of magic mapping {!r, unknown}
 p - a scroll of amnesia {!r, unknown}
 q - a scroll of teleportation {!r, unknown}
 s - a scroll of noise {!r, unknown}
Potions
 e - 3 potions of curing {!q, unknown}
 g - a potion of might {!q, unknown}
 k - 3 potions of brilliance {!q, unknown}
 r - a potion of mutation {!q, unknown}
 u - a potion of ambrosia {!q, unknown}
 v - a potion of lignification {!q, unknown}
Comestibles
 d - 9 rations


   Skills:
 - Level 2.4 Dodging
 - Level 2.4 Stealth
 + Level 7.5 Spellcasting
 - Level 4.0 Conjurations
 - Level 1.1 Summonings
 - Level 1.1 Translocations


You had 7 spell levels left.
You knew the following spells:

 Your Spells              Type           Power        Failure   Level  Hunger
a - Magic Dart            Conj           ####         1%          1    None
b - Call Imp              Summ           ##......     7%          2    None
c - Mephitic Cloud        Conj/Pois/Air  ###.....     12%         3    None
e - Sting                 Tmut/Pois      #...         7%          1    None
s - Conjure Flame         Conj/Fire      ###.....     9%          3    None
v - Blink                 Tloc           N/A          7%          2    None

Your spell library contained the following spells:

 Spells                   Type           Power        Failure   Level  Hunger
 Slow                     Hex            #.......     11%         2    None


Dungeon Overview and Level Annotations

Branches:
Dungeon (4/15)
 Temple: D:4-7

Altars:
Sif Muna


Message History

Casting: Magic Dart (safe; 1% risk of failure)
Confirm with . or Enter, or press ? or * to list all spells.
Aiming: Magic Dart (safe; 1% risk of failure)
Press: ? - help, Shift-Dir - straight line, f/p - orc wizard
Aim: an orc wizard, wielding a +0 dagger and wearing a +0 robe (moderately wounded)
The magic dart hits the orc wizard.
The orc wizard is moderately wounded.
Casting: Magic Dart (safe; 1% risk of failure)
Confirm with . or Enter, or press ? or * to list all spells.
Aiming: Magic Dart (safe; 1% risk of failure)
Press: ? - help, Shift-Dir - straight line, f/p - orc wizard
Aim: an orc wizard, wielding a +0 dagger and wearing a +0 robe (moderately wounded)
The magic dart hits the orc wizard but does no damage.
The orc wizard is moderately wounded.
Casting: Magic Dart (safe; 1% risk of failure)
Confirm with . or Enter, or press ? or * to list all spells.
Aiming: Magic Dart (safe; 1% risk of failure)
Press: ? - help, Shift-Dir - straight line, f/p - orc wizard
Aim: an orc wizard, wielding a +0 dagger and wearing a +0 robe (moderately wounded)
You miscast Magic Dart.
You are very lightly contaminated with residual magic.
Nothing appears to happen.
Casting: Magic Dart (safe; 1% risk of failure)
Confirm with . or Enter, or press ? or * to list all spells.
Aiming: Magic Dart (safe; 1% risk of failure)
Press: ? - help, Shift-Dir - straight line, f/p - orc wizard
Aim: an orc wizard, wielding a +0 dagger and wearing a +0 robe (moderately wounded)
The magic dart hits the orc wizard but does no damage.
The orc wizard is moderately wounded.
The orc wizard hits you but does no damage.
Casting: Magic Dart (safe; 1% risk of failure)
Confirm with . or Enter, or press ? or * to list all spells.
Aiming: Sting (safe; 7% risk of failure)
Press: ? - help, Shift-Dir - straight line, f/p - orc wizard
Aim: an orc wizard, wielding a +0 dagger and wearing a +0 robe (moderately wounded)
The sting hits the orc wizard.
The orc wizard is poisoned.
The orc wizard is heavily wounded.
The orc wizard points at you and mumbles some strange words.
The puff of frost hits you!
* * * LOW HITPOINT WARNING * * *
Casting: Sting (safe; 7% risk of failure)
Confirm with . or Enter, or press ? or * to list all spells.
Aiming: Sting (safe; 7% risk of failure)
Press: ? - help, Shift-Dir - straight line, f/p - orc wizard
Aim: an orc wizard, wielding a +0 dagger and wearing a +0 robe (heavily wounded, poisoned)
The sting misses the orc wizard.
The orc wizard hits you with a +0 dagger.
* * * LOW HITPOINT WARNING * * *
Casting: Sting (safe; 7% risk of failure)
Confirm with . or Enter, or press ? or * to list all spells.
Aiming: Sting (safe; 7% risk of failure)
Press: ? - help, Shift-Dir - straight line, f/p - orc wizard
Aim: an orc wizard, wielding a +0 dagger and wearing a +0 robe (severely wounded, poisoned)
The sting misses the orc wizard.
The sting hits the orc.
The orc is poisoned.
The orc is heavily wounded.
Casting: Sting (safe; 7% risk of failure)
Confirm with . or Enter, or press ? or * to list all spells.
Aiming: Sting (safe; 7% risk of failure)
Press: ? - help, Shift-Dir - straight line, f/p - orc wizard
Aim: an orc wizard, wielding a +0 dagger and wearing a +0 robe (severely wounded, poisoned)
The sting misses the orc wizard.
The orc wizard gestures at you while chanting.
The puff of frost hits you!
You die...

.... #.# ...##.#
...#.# ..#.#
...#### #.....#
#..##.# #).##.#
#.oo@.# #####.#
#####.# ### #..)..#
..# #)##### #.#####
#.....# ..#...#
#####.#
.##.#.###########.#
....#....)...)....#


You could see an orc wizard and an orc.

Vanquished Creatures
  An orc priest (D:4)
  3 orc wizards
  5 adders
  A worm (D:3)
  3 dart slugs (D:1)
  2 leopard geckos
  11 orcs
  12 bats
  A giant cockroach (D:2)
  5 goblins
  2 hobgoblins (D:3)
  3 jackals (D:1)
  6 kobolds
  A quokka (D:2)
  2 ball pythons
  4 frilled lizards
  9 rats
71 creatures vanquished.

Notes
Turn   | Place    | Note
-------+----------+-------------------------------------------
     0 | D:1      | Amnesiac the Deep Elf Wizard began the quest for the Orb.
     0 | D:1      | Reached XP level 1. HP: 10/10 MP: 7/7
   137 | D:1      | Reached XP level 2. HP: 15/15 MP: 6/9
   141 | D:1      | Learned a level 2 spell: Blink
   144 | D:1      | Learned a level 2 spell: Call Imp
   690 | D:1      | Reached XP level 3. HP: 19/19 MP: 2/11
   695 | D:1      | Learned a level 3 spell: Conjure Flame
   699 | D:1      | Learned a level 3 spell: Mephitic Cloud
  1526 | D:2      | Reached XP level 4. HP: 24/24 MP: 8/12
  1719 | D:2      | Reached skill level 5 in Spellcasting
  1929 | D:3      | Found a shimmering blue altar of Sif Muna.
  1992 | D:3      | Reached skill level 6 in Spellcasting
  1996 | D:3      | Identified Sif Muna's Handbook of Contamination
  2184 | D:3      | Reached XP level 5. HP: 28/28 MP: 11/15
  2251 | D:3      | Learned a level 1 spell: Sting
  2845 | D:4      | Reached skill level 7 in Spellcasting
  3216 | D:4      | Killed from afar by an orc wizard

Levels and vault maps discovered:
D:1:      dpeg_arrival_more_subterranean_lakeside_camping, layout_loops_cross
D:2:      layout_loops_ring, first_ration
D:3:      layout_loops_ring, led_sif_book, hex_large
D:4:      cheibrodos_greedy_goblins, layout_basic

Skill      XL: |  1  2  3  4  5 |
---------------+----------------+-----
Conjurations   | 2 3 4 |  4.0
Spellcasting   | 6 7 |  7.5
Dodging        | |  2.4
Stealth        | |  2.4
Summonings     | |  1.1
Translocations | |  1.1

Action                   |  1- 3 |  4- 6 || total
-------------------------+-------+-------++-------
Melee: Spear             |    14 |       ||    14
       Long sword        |       |     1 ||     1
 Cast: Magic Dart        |    87 |    72 ||   159
       Mephitic Cloud    |       |     4 ||     4
       Blink             |       |     2 ||     2
       Call Imp          |       |     1 ||     1
       Sting             |       |    32 ||    32
 Stab: Sleeping          |     1 |       ||     1
  Eat: Chunk             |     2 |     5 ||     7
Armor: Robe              |     6 |     4 ||    10
Dodge: Dodged            |    17 |    15 ||    32
       Rpst.: Long sword |       |     4 ||     4

Table legend:
 A = Non-vault XP
 B = Vault XP
 C = Vault XP percentage of total XP
 D = Non-vault monster count
 E = Vault monster count
 F = Vault count percentage of total count
                 A         B        C        D         E       F
            +---------+---------+-------+---------+---------+-------
      Total |     269 |      75 |  21.8 |      69 |       2 |   2.8
            +---------+---------+-------+---------+---------+-------
        D:1 |      52 |       0 |   0.0 |      29 |       0 |   0.0
        D:2 |      62 |       0 |   0.0 |      17 |       0 |   0.0
        D:3 |      60 |      75 |  55.6 |      16 |       2 |  11.1
        D:4 |      95 |       0 |   0.0 |       7 |       0 |   0.0
            +---------+---------+-------+---------+---------+-------
